 Dungeon Crawl Stone Soup version 0.29.1-2-gbd0b4ee654 (webtiles) character file.

Game seed: 13467070588328794167

144 xian the Shooter (level 5, -2/25 HPs)
             Began as a Spriggan Arcane Marksman on Oct 24, 2022.
             Slain by a bullfrog (5 damage)
             ... in a sewer.
             The game lasted 00:09:51 (4357 turns).

xian the Shooter (Spriggan Arcane Marksman)         Turns: 4357, Time: 00:09:52

Health: -2/25      AC:  2    Str:  8    XL:     5   Next: 5%
Magic:  7/9        EV: 17    Int: 14    God:
Gold:   170        SH:  0    Dex: 16    Spells: 7/8 levels left

rFire   + + .      SeeInvis +   g - +0 dagger
rCold   + . .      Faith    .   (no shield)
rNeg    . . .      Spirit   .   c - +0 robe
rPois   +          Reflect  .   (helmet restricted)
rElec   +          Harm     .   (no cloak)
rCorr   +          Rampage  .   (gloves unavailable)
Will    .....                   (boots unavailable)
Stlth   +.........              (no amulet)
HPRegen 0.08/turn               h - ring of protection from fire
MPRegen 0.11/turn               (no ring)

@: resistant, slow
A: very small, no large weapons, unfitting armour, see invisible, speed 3
a: no special abilities


You were in a sewer.
You visited 1 branch of the dungeon, and saw 3 of its levels.
You also visited: Sewer.

You collected 170 gold pieces.

Inventory:

Hand Weapons
 a - a +1 sling
 g - a +0 dagger (weapon)
Armour
 c - a +0 robe (worn)
Jewellery
 h - a ring of protection from fire (left hand)
Scrolls
 b - 2 scrolls of poison
 d - a scroll of enchant weapon
 e - a scroll of fear
 j - 3 scrolls of blinking
 k - a scroll of teleportation {unknown}
 l - a scroll of identify
Potions
 f - a potion of curing {unknown}
 m - a potion of flight {unknown}


   Skills:
 + Level 1.3 Fighting
 + Level 0.1 Short Blades
 + Level 4.4 Ranged Weapons
 + Level 3.0 Dodging
 + Level 0.4 Stealth
 + Level 2.0 Spellcasting
 + Level 4.0 Hexes


You had 7 spell levels left.
You knew the following spells:

 Your Spells              Type           Power      Damage    Failure   Level
a - Slow                  Hex            48%        N/A       4%          1

Your spell library contained the following spells:

 Spells                   Type           Power      Damage    Failure   Level
 Inner Flame              Hex/Fire       7%         N/A       30%         3
 Portal Projectile        Hex/Tloc       14%        N/A       30%         3
 Cause Fear               Hex            6%         N/A       41%         4


Dungeon Overview and Level Annotations

Branches:
Dungeon (3/15)              Sewer (1/1)

Altars:
Cheibriados
Dithmenos
Yredelemnul

Shops:
D:2 :

Annotations:
D:3 1 transporter, idiolect's ghost, weakling DsAK


Innate Abilities, Weirdness & Mutations

You are very small and have problems with some larger weapons.
You are too small for most types of armour.
You have supernaturally acute eyesight. (SInv)
You cover ground extremely quickly. (Speed+++)


Message History

The bullfrog barely misses you.
You hit the bullfrog.
The bullfrog is heavily wounded.
The bullfrog barely misses you. The bullfrog hits you!
You hit the bullfrog.
The bullfrog is heavily wounded.
The bullfrog misses you.
Your unstable footing causes you to fumble your attack.
The bullfrog misses you. The bullfrog hits you.
* * * LOW HITPOINT WARNING * * *
Your unstable footing causes you to fumble your attack.
The bullfrog misses you.
You hit the bullfrog.
The bullfrog is severely wounded.
The bullfrog misses you. The bullfrog completely misses you.
Unknown command.
You hit the bullfrog but do no damage.
The bullfrog is severely wounded.
The bullfrog hits you but does no damage.
Unknown command.
Unknown command.
You hit the bullfrog.
The bullfrog is severely wounded.
The bullfrog barely misses you. The bullfrog hits you.
* * * LOW HITPOINT WARNING * * *
You hit the bullfrog.
The bullfrog is severely wounded.
The bullfrog completely misses you.
Your unstable footing causes you to fumble your attack.
The bullfrog barely misses you. The bullfrog closely misses you.
Unknown command.
Your unstable footing causes you to fumble your attack.
The bullfrog closely misses you.
You hit the bullfrog.
The bullfrog is almost dead.
The bullfrog closely misses you. x2
It was a potion of resistance.
You feel protected. The bullfrog hits you.
You die...

#~~##~~~~~†~~~##~~##..#
~~~#~~~~....~~~#~~~#.∩#
~~##.~~#####~.~##~~#~.#
~~#~~.## ##~~.#~~##.##
†~#.~## ##~~#~~~#~.#
~##.~# #~~###~#~~#
.#.~##≈≈~.~~≈##~~~#~#.~#
~#~†#≈≈~~~~.~≈#~~∩#~#~~#
.#~.#F≈~.~~~~≈#~@~#†#~~#
~#~.#≈~.[..~~~#~F##.#~~#
.#~~#≈~.$?~~~~#~~#~~#.~#
~#~.#≈..)$$.~~#..#~.#†~#
~#.~##≈~.[..~##..#~~~~.#
~##.~#≈...~~.~~..#~~~.~#
~~#~~##≈~~.~~~~###~~.~~#
..#~~~##≈~~~~###~#######
~~##~~.#######~~~~~#


You could see a bullfrog.

Vanquished Creatures
  5 adders
  A worm (D:2)
  A dart slug (D:1)
  8 bats
  13 endoplasms
  5 giant cockroaches
  4 goblins
  5 hobgoblins (D:1)
  5 jackals
  8 quokkas
  11 ball pythons
  11 frilled lizards
  4 kobolds
  7 rats
88 creatures vanquished.

Notes
Turn   | Place    | Note
-------+----------+-------------------------------------------
     0 | D:1      | xian the Spriggan Arcane Marksman began the quest for the
                  | Orb.
     0 | D:1      | Reached XP level 1. HP: 9/9 MP: 3/3
   228 | D:1      | Reached XP level 2. HP: 8/14 MP: 5/5
   831 | D:1      | Reached skill level 1 in Fighting
   947 | D:1      | Reached XP level 3. HP: 15/18 MP: 6/6
  1210 | D:2      | Noticed a phantom
  2295 | D:2      | Found a faded altar of an unknown god.
  2455 | D:2      | Found Ehue's Book Emporium.
  2672 | D:3      | Found a transporter.
  2672 | D:3      | Identified the +5 great mace "Huoqiq" {vamp, rElec rF+++
                  | rC- Int-3}
  2672 | D:3      | Noticed an ogre
  2693 | D:3      | Noticed idiolect's ghost (weakling DsAK)
  2927 | D:3      | Noticed an ogre
  2964 | D:3      | Reached XP level 4. HP: 17/22 MP: 5/7
  3275 | D:3      | Found a shadowy altar of Dithmenos.
  3275 | D:3      | Found a faded altar of an unknown god.
  3290 | D:3      | Found a basalt altar of Yredelemnul.
  3294 | D:3      | Found a faded altar of an unknown god.
  3296 | D:3      | Found a snail-covered altar of Cheibriados.
  3582 | D:3      | Found a glowing drain.
  3591 | Sewer    | Entered a sewer
  3598 | Sewer    | HP: 1/22 [constriction (1)]
  4248 | Sewer    | Reached XP level 5. HP: 22/25 MP: 9/9
  4357 | Sewer    | Slain by a bullfrog

Illustrated notes

Levels and vault maps discovered:
D:1:      ncdulo_wetmaze, layout_loops_ring, kennysheep_doodads,
          minmay_quantized
D:2:      layout_rooms, serial_shops, shop,
          hellmonk_ecumenical_altar_pennies_from_heaven
D:3:      layout_loops_ring, chequers_temple_overflow_minitemple,
          portal_sewer_entry_d, gammafunk_ghost_smash, mrwooster_statue_mirror,
          dk_noncrumbling_2, minmay_tree_intersection, corner_web_ring
Sewer:    sewer_frog_island_02

Skill      XL: |  1  2  3  4 |
---------------+-------------+-----
Hexes          | 4 |  4.0
Ranged Weapons | 3 4 |  4.4
Fighting       | 1 |  1.3
Spellcasting   | 2 |  2.0
Dodging        | 3 |  3.0
Short Blades   | |  0.1
Stealth        | |  0.4

Action                   |  1- 3 |  4- 6 || total
-------------------------+-------+-------++-------
Melee: Dagger            |    27 |    21 ||    48
       Sling             |     2 |       ||     2
 Fire: Sling             |   168 |   123 ||   291
 Cast: Slow              |    17 |     3 ||    20
  Use: Scroll            |     5 |       ||     5
       Potion            |     3 |     1 ||     4
Armor: Robe              |    22 |     6 ||    28
Dodge: Dodged            |    85 |    81 ||   166
